 Dungeon Crawl Stone Soup version 0.30.0 (webtiles) character file.

Game seed: 17836856590451420071

131 Dani the Chopper (level 4, 0/35 HPs)
             Began as a Demonspawn Fighter on May 20, 2023.
             Was an Initiate of Ru.
             Succumbed to a scorpion's poison
             ... on level 3 of the Dungeon.
             The game lasted 00:02:38 (1371 turns).

Dani the Chopper (Demonspawn Fighter)               Turns: 1371, Time: 00:02:39

Health: 0/35       AC:  6    Str: 16    XL:     4   Next: 91%
Magic:  4/4        EV:  8    Int: 11    God:    Ru [......]
Gold:   78         SH:  4    Dex: 13    Spells: 3/3 levels left

rFire   . . .        a - +1 war axe
rCold   . . .        c - +0 buckler
rNeg    . . .        b - +0 scale mail
rPois   .            (helmet restricted)
rElec   .            (no cloak)
rCorr   .            (no gloves)
SInv    .            (no boots)
Will    .....        (no amulet) Stlth
                     (no ring)
HPRegen 0.25/turn    (no ring)
MPRegen 0.09/turn

%: no passive effects
@: mighty, lethally poisoned (0 -> -2)
A: horns 2, mutation resistance 1
a: Renounce Religion


You were on level 3 of the Dungeon.
You worshipped Ru.
Ru was noncommittal.
You visited 1 branch of the dungeon, and saw 3 of its levels.

You collected 78 gold pieces.

Inventory:

Hand Weapons
 a - a +1 war axe (weapon)
Armour
 b - a +0 scale mail (worn)
 c - a +0 buckler (worn)
Scrolls
 R - a scroll of identify {@r1}


   Skills:
 - Level 3.0 Fighting
 + Level 4.7 Axes
 - Level 2.6 Armour
 - Level 2.6 Shields


You had 3 spell levels left.
You didn't know any spells.
Your spell library contained the following spells:

 Spells                   Type           Power      Damage    Failure   Level
 Freeze                   Ice            0%         1d3       86%         1
 Frozen Ramparts          Ice            0%         1d1       99%         3
 Hailstorm                Conj/Ice       0%         3d3       99%         3


Dungeon Overview and Level Annotations

Branches:
Dungeon (3/15)

Altars:
Ru
Sif Muna


Innate Abilities, Weirdness & Mutations

You have a pair of horns on your head.
You are somewhat resistant to further mutation.


Message History

You feel sick.
Unknown command.
You are too injured to fight recklessly!
You feel sick.
You are no longer poisoned.
Key pressed, stopping explore.
No target in view!
You now have 78 gold pieces (gained 6).
Found 4 stones.
Key pressed, stopping explore.
Key pressed, stopping explore.
Key pressed, stopping explore.
You enter the shallow water.
Moving in this stuff is going to be slow.
Key pressed, stopping explore.
There is a stone staircase leading down here.
There is a stone staircase leading up here.
Key pressed, stopping explore.
There is a stone staircase leading up here.
There is a stone staircase leading down here.
Key pressed, stopping explore.
Done exploring.
There is a stone staircase leading up here.
There is a stone staircase leading down here.
You climb downwards.
You hear the sound of rushing water.
There is an entrance to a sewer on this level.
Hurry and find it before the portal rusts away!
Found 4 stones.
There is a stone staircase leading up here.
A scorpion comes into view.
A scorpion is nearby!
A scorpion is nearby!
Okay, then.
Really quaff the potion of mutation?
You feel extremely strange.
You feel your magical essence link to the dungeon's wands.
You feel clumsy.
You feel yourself wasting away.
The scorpion stings you but does no damage.
You hit the scorpion but do no damage. The scorpion stings you.
You are poisoned.
The scorpion poisons you!
You hit the scorpion but do no damage.
You feel very sick. The scorpion closely misses you.
The scorpion stings you but does no damage.
You closely miss the scorpion.
You headbutt the scorpion, but do no damage.
You feel sick.
The scorpion stings you but does no damage.
You hit the scorpion.
The scorpion is lightly wounded.
You feel sick.
The scorpion stings you but does no damage.
The scorpion stings you.
Your body deteriorates!
You feel clumsy.
You slash the scorpion!
The scorpion is heavily wounded.
You feel sick. The scorpion stings you.
* * * LOW HITPOINT WARNING * * *
You are more poisoned.
The scorpion poisons you! The scorpion stings you.
* * * LOW HITPOINT WARNING * * *
You are lethally poisoned!
The scorpion poisons you!
You barely miss the scorpion.
The scorpion is heavily wounded.
* * * LOW HITPOINT WARNING * * *
You feel very sick. The scorpion barely misses you.
You hit the scorpion. You headbutt the scorpion.
You kill the scorpion!
* * * LOW HITPOINT WARNING * * *
You feel very sick.
You feel your dexterity returning.
* * * LOW HITPOINT WARNING * * *
You feel very sick.
You see here a scorpion corpse.
A giant cockroach comes into view.
* * * LOW HITPOINT WARNING * * *
You feel sick.
The giant cockroach moves out of view.
Really quaff the potion of mutation?
You feel extremely strange.
Your magical essence no longer links to wands of the dungeon.
You feel agile.
You feel healthier.
You occasionally lose the ability to drink potions when taking damage.
You feel strong-willed.
You feel resistant to cold.
* * * LOW HITPOINT WARNING * * *
You feel sick.
Really quaff the potion of mutation?
You feel extremely strange.
You no longer feel strong-willed.
You no longer feel cold resistant.
You no longer become unable to drink potions after taking damage.
You feel genetically stable. The horns on your head grow some more.
* * * LOW HITPOINT WARNING * * *
You feel sick.
* * * LOW HITPOINT WARNING * * *
You feel sick.
You see here a scorpion corpse.
You feel very mighty all of a sudden.
You die...

. ## ... ..... ..#
###..####.### .
.......<.(..# ...
#####...#.#.#.....
...............=.
..........#.#.....
.######...#.# ...
###.#@#.# .
#.....#.#
#.....#.#
+.......#
#.......#
.........B
#######.....
....... .......#


There were no monsters in sight!

Vanquished Creatures
  A scorpion (D:3)
  2 adders (D:2)
  2 dart slugs
  2 endoplasms (D:1)
  4 giant cockroaches
  5 goblins
  3 hobgoblins
  7 jackals (D:1)
  4 quokkas
  6 ball pythons
  A bat (D:1)
  5 frilled lizards
  4 kobolds
  6 rats
52 creatures vanquished.

Notes
Turn   | Place    | Note
-------+----------+-------------------------------------------
     0 | D:1      | Dani the Demonspawn Fighter began the quest for the Orb.
     0 | D:1      | Reached XP level 1. HP: 18/18 MP: 1/1
    19 | D:1      | Reached skill level 2 in Axes
   132 | D:1      | Gained mutation: You have a pair of small horns on your
                  | head. [demonic ancestry]
   132 | D:1      | Reached XP level 2. HP: 24/24 MP: 2/2
   231 | D:1      | Reached skill level 3 in Axes
   339 | D:1      | Reached XP level 3. HP: 29/29 MP: 3/3
   358 | D:1      | Found a faded altar of an unknown god.
   369 | D:1      | Prayed at the altar of an unknown god.
   369 | D:1      | Became a worshipper of Ru the Awakened
   614 | D:2      | Found a shimmering blue altar of Sif Muna.
  1056 | D:2      | Reached skill level 4 in Axes
  1056 | D:2      | Reached XP level 4. HP: 16/35 MP: 4/4
  1355 | D:3      | Noticed a scorpion
  1356 | D:3      | Gained mutation: You expend magic power (3 MP) to
                  | strengthen your wands. [potion of mutation]
  1356 | D:3      | Gained mutation: You are clumsy. (Dex -2) [potion of
                  | mutation]
  1356 | D:3      | Gained mutation: Your body sometimes deteriorates upon
                  | taking damage. [potion of mutation]
  1365 | D:3      | Killed a scorpion
  1366 | D:3      | HP: 6/35 [poisoned by a scorpion]
  1368 | D:3      | Lost mutation: You expend magic power (3 MP) to strengthen
                  | your wands. [potion of mutation]
  1368 | D:3      | Lost mutation: You are clumsy. (Dex -2) [potion of
                  | mutation]
  1368 | D:3      | Lost mutation: Your body sometimes deteriorates upon taking
                  | damage. [potion of mutation]
  1368 | D:3      | Gained mutation: You occasionally lose the ability to drink
                  | potions when taking damage. [potion of mutation]
  1368 | D:3      | Gained mutation: You are strong-willed. (Will+) [potion of
                  | mutation]
  1368 | D:3      | Gained mutation: Your flesh is cold resistant. (rC+)
                  | [potion of mutation]
  1369 | D:3      | Lost mutation: You are strong-willed. (Will+) [potion of
                  | mutation]
  1369 | D:3      | Lost mutation: Your flesh is cold resistant. (rC+) [potion
                  | of mutation]
  1369 | D:3      | Lost mutation: You occasionally lose the ability to drink
                  | potions when taking damage. [potion of mutation]
  1369 | D:3      | Gained mutation: You are somewhat resistant to further
                  | mutation. [potion of mutation]
  1369 | D:3      | Gained mutation: You have a pair of horns on your head.
                  | [potion of mutation]
  1369 | D:3      | HP: 2/35 [poisoned by a scorpion]
  1371 | D:3      | Succumbed to a scorpion's poison

Illustrated notes

Levels and vault maps discovered:
D:1:      saegor_arrival_miasma, layout_rooms,
          hellmonk_ecumenical_altar_crossroads
D:2:      layout_loops_ring, basic_altar, serial_bayou_pond_b,
          amethyst_killhole, st_stairs_3
D:3:      layout_basic, portal_sewer_entry_d, minmay_box_of_dots, uniq_natasha,
          uniq_ijyb

Skill      XL: |  1  2  3 |
---------------+----------+-----
Axes           | 2 3 4 |  4.7
Fighting       | |  3.0
Armour         | |  2.6
Shields        | |  2.6

Action                     |  1- 3 |  4- 6 || total
---------------------------+-------+-------++-------
  Melee: War axe           |    94 |    10 ||   104
         Headbutt          |    15 |     3 ||    18
 Invoke: Reject Sacrifices |     1 |       ||     1
    Use: Scroll            |    10 |       ||    10
         Potion            |       |     4 ||     4
 Armour: Scale mail        |    61 |     5 ||    66
  Dodge: Dodged            |    55 |     4 ||    59
  Block: Buckler           |    33 |       ||    33

Levels and vault maps discovered:
D:1:      saegor_arrival_miasma, layout_rooms,
          hellmonk_ecumenical_altar_crossroads
D:2:      layout_loops_ring, basic_altar, serial_bayou_pond_b,
          amethyst_killhole, st_stairs_3
D:3:      layout_basic, portal_sewer_entry_d, minmay_box_of_dots, uniq_natasha,
          uniq_ijyb

Table legend: (Time is in decaauts)
 A = Elapsed time spent in this place.
 B = Non-inter-level travel time spent in this place.
 C = Inter-level travel time spent in this place.
 D = Time resting spent in this place.
 E = Time spent auto-exploring this place.
 F = Levels seen in this place.
 G = Mean time per level.
                   A        B        C        D        E       F      G
               +--------+--------+--------+--------+--------+-----+--------+
         Total |   1411 |   1344 |     67 |      0 |   1055 |   3 |  470.3 |
       Dungeon |   1411 |   1344 |     67 |      0 |   1055 |   3 |  470.3 |
               +--------+--------+--------+--------+--------+-----+--------+

Top non-repeatable levels by time:
     D:2: 819 daAuts
     D:1: 570 daAuts
     D:3: 21 daAuts

Table legend:
 A = Kills in this place as a percentage of kills in the entire game.
 B = Kills by you in this place as a percentage of kills by you in the entire game.
 C = Kills by friends in this place as a percentage of kills by friends in the entire game.
 D = Other kills in this place as a percentage of other kills in the entire game.
 E = Experience gained in this place as a percentage of experience gained in the entire game.
 F = Experience gained in this place divided by the number of levels of this place that you have seen.
                   A       B       C       D       E      F
               +-------+-------+-------+-------+-------+----------------------
         Total | 100.0 | 100.0 |   N/A |   N/A | 100.0 |  62.7
       Dungeon | 100.0 | 100.0 |   N/A |   N/A | 100.0 |  62.7
               +-------+-------+-------+-------+-------+----------------------
